 Dungeon Crawl Stone Soup version 0.27.1-2-g3b301248ec (webtiles) character file.

Game seed: 17660302300400356095

1954 Destapler the Basher (level 8, -2/81 HPs)
             Began as a Troll Berserker on Oct 5, 2021.
             Was an Elder of Trog.
             Slain by a sky beast (6 damage)
             ... on level 6 of the Dungeon.
             The game lasted 00:09:03 (4223 turns).

Destapler the Basher (Troll Berserker)              Turns: 4223, Time: 00:09:04

Health: -2/81      AC:  5    Str: 28    XL:     8   Next: 99%
Magic:  7/7        EV: 11    Int:  3    God:    Trog [****..]
Gold:   282        SH:  0    Dex:  9    Spells: 7/7 levels left

rFire    . . .     SeeInvis .   a - +1 whip (elec)
rCold    . . .     Faith    .   (no shield)
rNeg     . . .     Spirit   .   b - +0 animal skin
rPois    .         Reflect  .   (helmet restricted)
rElec    .         Harm     .   B - +0 cloak
rCorr    .         Rampage  .   (gloves unavailable)
Will     ++...                  (boots unavailable)
Stlth    +.........             (no amulet)
HPRegen  2.23/turn              (no ring)
MPRegen  0.10/turn              (no ring)

@: strong-willed (expiring), on berserk cooldown, regenerating (expiring),
slowed, very slow
A: large, unfitting armour, claws 3, regeneration 1, shaggy fur 1, tough skin 1
a: Renounce Religion, Berserk, Trog's Hand, Brothers in Arms


You were on level 6 of the Dungeon.
You worshipped Trog.
Trog was greatly pleased with you.
You visited 1 branch of the dungeon, and saw 6 of its levels.
You also visited: Sewer and Ossuary.

You collected 282 gold pieces.

Inventory:

Hand Weapons
 a - a +1 whip of electrocution (weapon)
Missiles
 u - 17 poisoned darts (quivered)
 z - a throwing net
Armour
 b - a +0 animal skin (worn)
 B - a +0 cloak (worn)
Wands
 s - a wand of flame (18)
 t - a wand of polymorph (3)
 y - a wand of iceblast (12)
Scrolls
 f - 4 scrolls of identify
 k - a scroll of acquirement {unknown}
 m - 4 scrolls of teleportation {unknown}
 o - a scroll of fear {unknown}
 v - 2 scrolls of summoning {unknown}
 w - 2 scrolls of enchant weapon {unknown}
 x - 2 scrolls of enchant armour {unknown}
 A - a scroll of brand weapon {unknown}
Potions
 c - 2 potions of resistance
 d - a potion of mutation {unknown}
 e - a potion of lignification {unknown}
 g - a potion of flight {unknown}
 h - 3 potions of might {unknown}
 i - a potion of cancellation {unknown}
 j - 5 potions of heal wounds
 l - a potion of brilliance {unknown}
 n - 3 potions of degeneration {unknown}
 p - 4 potions of invisibility {unknown}
 q - 4 potions of curing
 r - a potion of magic {unknown}


   Skills:
 + Level 5.4 Fighting
 * Level 8.1 Maces & Flails
 + Level 5.4 Dodging


You had 7 spell levels left.
You didn't know any spells.
Your spell library contained the following spells:

 Spells                   Type           Power      Damage    Failure   Level
 Corpse Rot               Necr/Air       N/A        N/A       67%         2
 Sublimation of Blood     Necr           0%         N/A       67%         2
 Wereblood                Tmut           0%         N/A       67%         2
 Dispel Undead            Necr           0%         3d6       99%         4
 Death Channel            Necr           0%         N/A       100%        6
 Summon Hydra             Summ           0%         N/A       100%        7


Dungeon Overview and Level Annotations

Branches:
Dungeon (6/15)              Sewer (visited)         Ossuary (visited)
 Temple: D:4-7

Altars:
Fedhas
Uskayaw


Innate Abilities, Weirdness & Mutations

You are too large for most types of armour.
You have claws for hands.
Your natural rate of healing is unusually fast.
You are covered in fur. (AC +1)
You have tough skin. (AC +1)


Message History

* * * LOW HITPOINT WARNING * * *
You hit something. Something hits you but does no damage.
You barely miss something.
A sky beast appears from thin air!
Reactivating autopickup.
The sky beast hits you but does no damage.
You barely miss the sky beast.
The sky beast is heavily wounded.
The sky beast barely misses you.
You closely miss the sky beast.
The sky beast is heavily wounded.
The sky beast hits you.
* * * LOW HITPOINT WARNING * * *
The sky beast shocks you.
* * * LOW HITPOINT WARNING * * *
You miss the sky beast.
The sky beast is heavily wounded.
The sky beast barely misses you.
You hit the sky beast.
The sky beast is severely wounded.
The sky beast hits you.
* * * LOW HITPOINT WARNING * * *
The sky beast shocks you.
* * * LOW HITPOINT WARNING * * *
You hit the sky beast.
The sky beast is severely wounded.
The sky beast hits you.
* * * LOW HITPOINT WARNING * * *
The sky beast shocks you.
* * * LOW HITPOINT WARNING * * *
Your skin crawls.
You feel strong-willed.
You feel the effects of Trog's Hand fading.
The sky beast hits you.
* * * LOW HITPOINT WARNING * * *
The sky beast shocks you.
* * * LOW HITPOINT WARNING * * *
The sky beast hits you.
* * * LOW HITPOINT WARNING * * *
The sky beast shocks you.
You die...

## ..# ... ### #..
#.#########.
####.######.'.........
............#.########
####..[.....#.#
........@Y..#.#
####........#.#
#........#.#
####+##+##.# #.# #.#
#.# #.###########
#......†....<


You could see a sky beast.

Vanquished Creatures
  Grinder (D:3)
  A steam dragon (D:5)
  2 water moccasins
  2 black bears (D:5)
  A necrophage (D:4)
  An elf zombie (Ossuary)
  A phantom (D:6)
  A gnoll sergeant (D:4)
  2 scorpions
  2 centaur zombies (Ossuary)
  A human zombie (Ossuary)
  An orc priest (D:4)
  2 hounds
  A jelly (D:3)
  A bullfrog zombie (D:5)
  A centaur skeleton (D:5)
  Jessica (D:2)
  Terence (D:3)
  An iguana (D:5)
  Natasha (thrice) (D:3)
  Ijyb (D:3)
  A hound skeleton (D:4)
  2 mummies (Ossuary)
  12 gnolls
  10 adders
  A river rat (D:3)
  3 adder zombies (Ossuary)
  3 worms
  2 dart slugs
  8 orcs
  9 ball pythons
  4 endoplasms
  4 giant cockroaches
  5 goblins
  5 hobgoblins
  10 jackals
  19 kobolds
  8 quokkas
  9 bats
  4 frilled lizards
  A goblin zombie (Ossuary)
  7 hobgoblin zombies (Ossuary)
  12 kobold zombies (Ossuary)
  7 orc zombies (Ossuary)
  A quokka skeleton (D:4)
  5 rats
  3 rat zombies (Ossuary)
183 creatures vanquished.

Vanquished Creatures (others)
  3 plants
3 creatures vanquished.

Grand Total: 186 creatures vanquished

Notes
Turn   | Place    | Note
-------+----------+-------------------------------------------
     0 | D:1      | Destapler the Troll Berserker began the quest for the Orb.
     0 | D:1      | Reached XP level 1. HP: 22/22 MP: 0/0
   115 | D:1      | Reached XP level 2. HP: 29/29 MP: 1/1
   147 | D:1      | Reached skill level 3 in Maces & Flails
   581 | D:2      | Noticed Jessica
   586 | D:2      | Killed Jessica
   586 | D:2      | Reached ** piety under Trog
   587 | D:2      | Reached XP level 3. HP: 36/36 MP: 2/2
   681 | D:2      | Reached XP level 4. HP: 42/44 MP: 3/3
   918 | D:2      | Reached skill level 4 in Maces & Flails
   949 | D:2      | Found a faded altar of an unknown god.
  1105 | D:3      | Reached XP level 5. HP: 51/53 MP: 4/4
  1125 | D:3      | Found a glowing drain.
  1131 | Sewer    | Entered a sewer
  1243 | Sewer    | Reached *** piety under Trog
  1428 | D:3      | Noticed Terence
  1437 | D:3      | Killed Terence
  1459 | D:3      | Noticed Natasha
  1467 | D:3      | Killed Natasha
  1477 | D:3      | Noticed Grinder
  1499 | D:3      | Killed Grinder
  1500 | D:3      | Reached skill level 5 in Maces & Flails
  1500 | D:3      | Reached XP level 6. HP: 62/62 MP: 5/5
  1621 | D:3      | Noticed Natasha
  1630 | D:3      | Killed Natasha
  1648 | D:3      | Noticed Natasha
  1661 | D:3      | Killed Natasha
  1662 | D:3      | Reached XP level 7. HP: 51/68 MP: 6/6
  1704 | D:3      | Noticed Ijyb
  1730 | D:3      | Killed Ijyb
  2219 | D:4      | Found a sand-covered staircase.
  2228 | Ossuary  | Entered an ossuary
  2254 | Ossuary  | Reached **** piety under Trog
  2317 | Ossuary  | Reached skill level 6 in Maces & Flails
  2574 | D:4      | Found a large runed translucent door.
  2574 | D:4      | Found a large runed translucent door.
  2614 | D:4      | Reached XP level 8. HP: 72/79 MP: 7/7
  3061 | D:4      | Found a blossoming altar of Fedhas.
  3064 | D:4      | Found a hide-covered altar of Uskayaw.
  3090 | D:5      | Entered Level 5 of the Dungeon
  3161 | D:5      | Reached skill level 7 in Maces & Flails
  3182 | D:5      | Reached skill level 5 in Dodging
  3298 | D:5      | Reached skill level 5 in Fighting
  4151 | D:6      | Reached skill level 8 in Maces & Flails
  4222 | D:6      | HP: 3/81 [sky beast (6)]
  4223 | D:6      | Slain by a sky beast

Illustrated notes

Levels and vault maps discovered:
D:1:      noname_arrival_rooms_in_the_neighbourhood, layout_rooms, st_stairs_6
D:2:      layout_basic, basic_ecumenical_altar, uniq_jessica
D:3:      layout_basic, serial_bayou, serial_bayou_pond_d,
          serial_bayou_crossing, serial_bayou_shore_b, serial_bayou_ford_a,
          gup_sewer_entry_bubbles, uniq_ijyb, uniq_terence, uniq_natasha,
          uniq_grinder
D:4:      layout_rooms, jmf_multi_god_temple2, enter_ossuary_1,
          kennysheep_generic_room_15
D:5:      layout_basic
D:6:      layout_basic, minmay_temple_entry_nine_rooms, minmay_pentangle

Skill      XL: |  1  2  3  4  5  6  7  8 |
---------------+-------------------------+-----
Maces & Flails | 3 4 5 6 8 |  8.1
Dodging        | 3 4 5 |  5.4
Fighting       | 3 4 5 |  5.4

Action                   |  1- 3 |  4- 6 |  7- 9 || total
-------------------------+-------+-------+-------++-------
Melee: Whip              |    87 |   157 |   330 ||   574
       Mace              |     6 |       |       ||     6
       Unarmed           |       |       |    20 ||    20
Invok: Berserk           |     1 |     4 |     5 ||    10
       Trog's Hand       |       |     1 |     4 ||     5
  Use: Scroll            |       |     4 |     1 ||     5
Armor: Animal skin       |    45 |    38 |   111 ||   194
Dodge: Dodged            |    62 |    81 |   165 ||   308
